 Dungeon Crawl Stone Soup version 0.26.0-10-g1f06aea511 (webtiles) character file.

Game seed: 9964706268013227987

772 dohliylev the Chopper (level 7, -2/63 HPs)
             Began as a Minotaur Berserker on Jan 17, 2021.
             Was an Elder of Trog.
             Killed from afar by a white imp (8 damage)
             ... with a puff of frost
             ... on level 5 of the Dungeon.
             The game lasted 00:08:09 (4180 turns).

dohliylev the Chopper (Minotaur Berserker)          Turns: 4180, Time: 00:08:10

Health: -2/63      AC: 12    Str: 23    XL:     7   Next: 53%
Magic:  6/6        EV:  5    Int:  4    God:    Trog [****..]
Gold:   239        SH:  9    Dex: 10    Spells: 6/6 levels left

rFire    . . .     SeeInvis .   m - +1 war axe
rCold    . . .     Faith    .   g - +0 kite shield
rNeg     . . .     Spirit   .   r - +0 plate armour
rPois    .         Reflect  .   (helmet restricted)
rElec    .         Harm     .   (no cloak)
rCorr    .         Rampage  .   f - +0 pair of gloves
Will     .....                  (no boots)
Stlth    ..........             (no amulet)
HPRegen  0.20/turn              (no ring)
MPRegen  0.10/turn              (no ring)

@: no status effects
A: retaliatory headbutt, horns 2
a: Renounce Religion, Berserk, Trog's Hand, Brothers in Arms


You were on level 5 of the Dungeon.
You worshipped Trog.
Trog was greatly pleased with you.
You visited 1 branch of the dungeon, and saw 5 of its levels.

You collected 239 gold pieces.

Inventory:

Hand Weapons
 m - a +1 war axe (weapon)
Armour
 f - a +0 pair of gloves (worn)
 g - a +0 kite shield (worn)
 r - a +0 plate armour (worn)
Scrolls
 a - 3 scrolls of teleportation
 h - a scroll of remove curse
 i - 3 scrolls of identify
 j - 2 scrolls of enchant weapon
 o - a scroll of fog
Potions
 b - a potion of attraction {unknown}
 c - 2 potions of lignification {unknown}
 d - 4 potions of curing {unknown}
 e - a potion of heal wounds {unknown}
 k - a potion of might {unknown}
 l - 3 potions of brilliance {unknown}
 q - 2 potions of cancellation {unknown}


   Skills:
 + Level 6.0 Fighting
 + Level 7.6 Axes
 + Level 3.7 Armour
 + Level 4.1 Dodging
 + Level 2.7 Shields


You had 6 spell levels left.
You didn't know any spells.
Your spell library was empty.

Dungeon Overview and Level Annotations

Branches:
Dungeon (5/15)
 Temple: D:4-7

Altars:
Gozag
Okawaru
Yredelemnul


Innate Abilities, Weirdness & Mutations

You reflexively headbutt those who attack you in melee.
You have a pair of horns on your head.


Message History

Menkaure explodes!
The fiery explosion engulfs you!
* * * LOW HITPOINT WARNING * * *
Your Fighting skill increases to level 6!
A giant cockroach comes into view.
You slash the giant cockroach!
You kill the giant cockroach!
Trog accepts your kill.
You see here a giant cockroach corpse.
A white imp comes into view.
The white imp gestures at you. The puff of frost hits you.
* * * LOW HITPOINT WARNING * * *
The white imp gestures at you. The puff of frost misses you.
The white imp lashes its tail.
Found a pink potion.
The white imp gestures at you. The puff of frost hits you!
You die...

#. .# #.#.#
#.#.# #.#.#
# #.#.#
#.#5#.#
#.#.#.#
#!..@.#
###.### #.#
#.######
#†§§§§.#
#§§§# #§§§#
#..§#
..........#


You could see a white imp.

Vanquished Creatures
  Menkaure (D:5)
  An orc warrior (D:4)
  An ice beast (D:4)
  An ogre (D:4)
  2 orc wizards
  3 orc priests
  A centaur skeleton (D:4)
  A worker ant (D:4)
  5 gnolls
  5 adders
  4 worms
  A dart slug (D:3)
  2 leopard geckos (D:1)
  14 orcs
  12 bats
  3 giant cockroaches
  8 goblins
  6 hobgoblins
  10 jackals
  7 kobolds
  A quokka (D:4)
  5 frilled lizards
  5 rats
99 creatures vanquished.

Notes
Turn   | Place    | Note
-------+----------+-------------------------------------------
     0 | D:1      | dohliylev the Minotaur Berserker began the quest for the
                  | Orb.
     0 | D:1      | Reached XP level 1. HP: 19/19 MP: 0/0
    29 | D:1      | Reached XP level 2. HP: 27/27 MP: 1/1
    32 | D:1      | Reached skill level 4 in Axes
   105 | D:1      | HP: 1/27 [gnoll/+0 club (7)]
   754 | D:1      | Reached XP level 3. HP: 32/33 MP: 2/2
   760 | D:1      | Reached ** piety under Trog
  1167 | D:2      | You fall into a shaft and drop 2 floors!
  1175 | D:4      | Reached XP level 4. HP: 36/41 MP: 3/3
  1438 | D:3      | Reached skill level 5 in Axes
  2077 | D:2      | Reached *** piety under Trog
  2078 | D:2      | Reached skill level 5 in Fighting
  2078 | D:2      | Reached XP level 5. HP: 40/48 MP: 4/4
  2392 | D:2      | Found an opulent altar of Gozag.
  2404 | D:2      | Found a basalt altar of Yredelemnul.
  2937 | D:3      | Found an iron altar of Okawaru.
  2977 | D:3      | Reached skill level 6 in Axes
  2977 | D:3      | Reached skill level 1 in Shields
  2977 | D:3      | Reached XP level 6. HP: 46/56 MP: 5/5
  3574 | D:4      | Noticed an orc warrior
  3580 | D:4      | Killed an orc warrior
  3837 | D:4      | Noticed an ice beast
  3846 | D:4      | Killed an ice beast
  3847 | D:4      | Reached XP level 7. HP: 62/62 MP: 6/6
  3864 | D:4      | Reached **** piety under Trog
  3865 | D:4      | Reached skill level 7 in Axes
  4163 | D:5      | Entered Level 5 of the Dungeon
  4163 | D:5      | Noticed Menkaure
  4172 | D:5      | Killed Menkaure
  4180 | D:5      | Killed from afar by a white imp

Illustrated notes

Levels and vault maps discovered:
D:1:      lightli_arrival_flooded_house, layout_rooms
D:2:      layout_loops_cross, amethyst_overflow_temple_binary,
          serial_bayou_pond_b, kennysheep_generic_room_12
D:3:      layout_loops_ring, lemuel_round_altar
D:4:      minmay_wonky_spiral, layout_gridville
D:5:      layout_basic, portal_sewer_entry_f, basic_altar,
          minmay_a_box_with_orc_wizards_in_it, uniq_edmund, uniq_menkaure

Skill      XL: |  1  2  3  4  5  6  7 |
---------------+----------------------+-----
Fighting       | 4 5 6 |  6.0
Axes           | 4 5 6 7 |  7.6
Dodging        | 3 4 |  4.1
Shields        | 1 2 |  2.7
Armour         | 3 |  3.7

Action                   |  1- 3 |  4- 6 |  7- 9 || total
-------------------------+-------+-------+-------++-------
Melee: Hand axe          |    69 |   109 |       ||   178
       Headbutt          |     7 |    19 |     7 ||    33
       War axe           |       |    10 |    28 ||    38
Invok: Berserk           |     2 |     4 |       ||     6
  Use: Scroll            |       |       |     6 ||     6
 Stab: Sleeping          |     1 |       |       ||     1
Armor: Animal skin       |    15 |     8 |       ||    23
       Leather armour    |       |    11 |       ||    11
       Plate armour      |       |     6 |    18 ||    24
Dodge: Dodged            |    68 |    52 |     3 ||   123
Block: Kite shield       |       |    46 |     7 ||    53
